 Dungeon Crawl Stone Soup version 0.28.0 (webtiles) character file.

Game seed: 14726125112796230656

11346 crazypyro the Cleaver (level 11, -3/92 HPs)
             Began as a Minotaur Fighter on Feb 8, 2022.
             Was an Initiate of Gozag.
             Slain by a six-headed hydra (8 damage)
             ... on level 11 of the Dungeon.
             The game lasted 00:17:10 (11311 turns).

crazypyro the Cleaver (Minotaur Fighter)           Turns: 11311, Time: 00:17:10

Health: -3/92      AC: 13    Str: 25    XL:     11   Next: 48%
Magic:  0/16       EV:  9    Int:  5    God:    Gozag
Gold:   963        SH: 20    Dex: 16    Spells: 19/19 levels left

rFire   . . .      SeeInvis .   B - +0 scimitar (flame)
rCold   + . .      Faith    .   x - +3 tower shield
rNeg    . . .      Spirit   +   A - +2 scale mail {rPois}
rPois   +          Reflect  .   (helmet restricted)
rElec   .          Harm     .   (no cloak)
rCorr   .          Rampage  .   G - +0 pair of gloves
Will    +....                   z - +0 pair of boots
Stlth   ..........              N - amulet of guardian spirit
HPRegen 0.25/turn               e - ring of protection from cold
MPRegen 0.15/turn               L - +6 ring of dexterity

@: studying Spellcasting
A: horns 2, retaliatory headbutt, strong-willed 1, subdued magic 1
a: Renounce Religion, Potion Petition, Call Merchant, Bribe Branch


You were on level 11 of the Dungeon.
You worshipped Gozag.
Gozag was pleased with you.
You visited 1 branch of the dungeon, and saw 11 of its levels.

You collected 2932 gold pieces.
You spent 531 gold pieces at shops.
You paid 1438 gold pieces to Gozag.

Inventory:

Hand Weapons
 a - a +0 war axe
 p - a +5 vampiric hand axe
 B - a +0 scimitar of flaming (weapon)
 F - a +4 bardiche of flaming
 P - a +2 vorpal war axe
 R - the +7 long sword "Nouloer" {drain, rPois Str+3 SInv}
   (You found it on level 10 of the Dungeon)

   A truly terrible weapon, it drains the life of any living foe it strikes.
   Str:       It affects your strength (+3).
   rPois:     It protects you from poison.
   SInv:      It lets you see invisible.
Armour
 f - a +2 scale mail of fire resistance
 x - a +3 tower shield (worn)
 z - a +0 pair of boots (worn)
 A - a +2 scale mail of poison resistance (worn)
 G - a +0 pair of gloves (worn)
Jewellery
 e - a ring of protection from cold (left hand)
 q - a ring of ice
 y - a ring of magical power
 H - a ring of poison resistance
 J - a ring of protection from cold
 L - a +6 ring of dexterity (right hand)
 M - a ring of willpower
 N - an amulet of guardian spirit (around neck)
Wands
 b - a wand of paralysis (7)
 c - a wand of polymorph (9)
 j - a wand of iceblast (6)
 D - a wand of digging (4)
 I - a wand of flame (17)
Scrolls
 h - a scroll of summoning
 i - 2 scrolls of magic mapping
 m - 6 scrolls of teleportation
 n - a scroll of enchant armour
 o - a scroll of immolation
 r - 5 scrolls of blinking
 E - a scroll of noise
 K - 5 scrolls of identify
 O - a scroll of fog
 Q - a scroll of holy word {unknown}
Potions
 d - a potion of might
 g - 4 potions of attraction
 k - 5 potions of curing
 l - a potion of mutation
 s - 3 potions of heal wounds
 t - 2 potions of lignification
 u - 2 potions of invisibility {unknown}
 v - a potion of haste {unknown}
 w - 2 potions of degeneration
 C - 3 potions of magic {unknown}


   Skills:
 - Level 7.5 Fighting
 * Level 14.5 Axes
 - Level 8.5 Armour
 - Level 4.0 Dodging
 + Level 10.0 Shields
 + Level 4.6 Spellcasting
 - Level 3.2 Transmutations


You had 19 spell levels left.
You didn't know any spells.
Your spell library contained the following spells:

 Spells                   Type           Power      Damage    Failure   Level
 Beastly Appendage        Tmut           6%         N/A       71%         1
 Wereblood                Tmut           3%         N/A       85%         2
 Sting                    Tmut/Pois      8%         1d3       90%         1
 Passwall                 Tmut/Erth      1%         N/A       97%         2
 Animate Skeleton         Necr           0%         N/A       99%         1
 Apportation              Tloc           0%         N/A       99%         1
 Pain                     Necr           0%         1d4       99%         1
 Sandblast                Erth           0%         2d4       99%         1
 Summon Small Mammal      Summ           0%         N/A       99%         1
 Poisonous Vapours        Pois/Air       0%         N/A       99%         2
 Sublimation of Blood     Necr           0%         N/A       99%         2
 Spider Form              Tmut/Pois      2%         N/A       99%         3
 Confusing Touch          Hex            0%         N/A       100%        3
 Stone Arrow              Conj/Erth      0%         3d7       100%        3
 Animate Dead             Necr           0%         N/A       100%        4
 Hailstorm                Conj/Ice       0%         3d3       100%        4
 Ice Form                 Ice/Tmut       2%         N/A       100%        4
 Olgreb's Toxic Radiance  Pois           0%         N/A       100%        4
 Petrify                  Tmut/Erth      2%         N/A       100%        4
 Agony                    Necr           0%         N/A       100%        5
 Alistair's Intoxication  Tmut/Pois      1%         N/A       100%        5
 Blade Hands              Tmut           1%         N/A       100%        5
 Borgnjor's Vile Clutch   Necr/Erth      0%         N/A       100%        5
 Excruciating Wounds      Necr           0%         N/A       100%        5
 Irradiate                Conj/Tmut      1%         3d14      100%        5
 Summon Forest            Summ/Tloc      0%         N/A       100%        5
 Yara's Violent Unravell  Hex/Tmut       1%         3d3       100%        5
 Death Channel            Necr           0%         N/A       100%        6
 Eringya's Noxious Bog    Tmut/Pois      1%         N/A       100%        6
 Simulacrum               Ice/Necr       0%         N/A       100%        6
 Dragon Form              Tmut           1%         N/A       100%        7
 Enfeeble                 Hex            0%         N/A       100%        7
 Malign Gateway           Summ/Tloc      0%         N/A       100%        7
 Summon Hydra             Summ           0%         N/A       100%        7
 Summon Horrible Things   Summ           0%         N/A       100%        8


Dungeon Overview and Level Annotations

Branches:
Dungeon (11/15)            Temple (0/1) D:4
   Lair: D:8-11         Orc: D:9-12

Altars:
Cheibriados
Gozag
Hepliaklqana
Kikubaaqudgha
Okawaru
Qazlal
Ru
Sif Muna
Trog
Vehumet
Wu Jian

Shops:
D:5 (   D:9 (!


Innate Abilities, Weirdness & Mutations

You have a pair of horns on your head.
You reflexively headbutt those who attack you in melee.
You are strong-willed. (Will+)
Your spells are a little easier to cast, but a little less powerful.


Message History

You block the seven-headed hydra's attack.
You slice one of the seven-headed hydra's heads off!
The flame cauterises the wound!
You slash the six-headed hydra! You burn the six-headed hydra.
You headbutt the six-headed hydra.
The six-headed hydra is heavily wounded.
A centaur warrior zombie comes into view.
You block the troll's attack. The troll claws you but does no damage.
You block the troll's attack.
You block the six-headed hydra's attack.
The six-headed hydra bites you!
The six-headed hydra closely misses you.
You block the six-headed hydra's attack.
The six-headed hydra bites you!
The six-headed hydra completely misses you.
The troll bites you.
* * * LOW HITPOINT WARNING * * *
The troll claws you but does no damage. The troll claws you.
* * * LOW HITPOINT WARNING * * *
You slash the centaur warrior zombie! You burn the centaur warrior zombie.
You headbutt the centaur warrior zombie.
The centaur warrior zombie is moderately damaged.
The six-headed hydra bites you.
* * * LOW HITPOINT WARNING * * *
You block the six-headed hydra's attack. x3
The six-headed hydra bites you but does no damage.
The six-headed hydra bites you.
* * * LOW HITPOINT WARNING * * *
The centaur warrior zombie hits you.
* * * LOW HITPOINT WARNING * * *
The centaur warrior zombie kicks you but does no damage.
The troll barely misses you. You furiously retaliate!
You headbutt the troll! You block the troll's attack. The troll claws you!
* * * LOW HITPOINT WARNING * * *
The six-headed hydra bites you but does no damage. x2
The six-headed hydra bites you!
* * * LOW HITPOINT WARNING * * *
The six-headed hydra bites you but does no damage. x2
The six-headed hydra bites you!
You die...
Your body crumbles into a pile of gold.

..# ##.# #.###
... #.# #...
####
#.######.##..
#............
#..##.#.##.#
#..##.#.##.###.
#..##...$......
#..##.#Z#.##.##
#.....#@DY.....
...##.#T#O#.##.
....##..y#...
## #.#.. $..#
..#.# .[...
##.... ..#. #.#
#O# ...


You could see a six-headed hydra, a two-headed ogre, a yak, a troll, a vampire
mosquito and a centaur warrior zombie.

Vanquished Creatures
  A boulder beetle (D:11)
  Erica (D:9)
  A two-headed ogre (D:9)
  Pikel (D:7)
  2 cyclopes
  Joseph (D:7)
  2 gargoyles
  A kobold demonologist (D:8)
  A troll (D:8)
  A meliai (D:8)
  A wraith (D:10)
  5 yaks (D:8)
  A vampire (D:10)
  2 wyverns
  A basilisk (D:8)
  A vampire mosquito (D:8)
  3 water moccasins
  An acid dragon (D:10)
  4 orc warriors
  3 black bears
  A necrophage (D:7)
  2 ice beasts
  An ogre (D:4)
  A sky beast (D:4)
  5 centaurs
  2 kobold brigands
  The ghost of sasquatch the Sneak, an amateur SpBr of Wu Jian (D:3)
  6 bullfrogs
  A gnoll sergeant (D:6)
  3 scorpions
  A water moccasin skeleton (D:5)
  13 killer bees
  4 wights (D:9)
  5 howler monkeys
  2 centaur zombies
  3 quasits (D:3)
  4 hounds
  6 orc priests
  2 bullfrog skeletons
  2 jellies
  2 centaur skeletons (D:6)
  Jessica (D:2)
  3 iguanas
  7 orc wizards
  2 killer bee zombies
  2 howler monkey zombies
  4 gnolls (D:6)
  A howler monkey skeleton (D:4)
  4 adders
  A shadow imp (D:6)
  An ufetubus (D:6)
  6 worms
  4 dart slugs
  29 orcs
  9 endoplasms
  3 giant cockroaches (D:2)
  4 goblins
  8 hobgoblins
  5 jackals
  4 quokkas
  9 ball pythons
  2 bats
  8 frilled lizards
  18 kobolds
  7 rats
243 creatures vanquished.

Vanquished Creatures (others)
  2 plants (D:2)
2 creatures vanquished.

Grand Total: 245 creatures vanquished

Notes
Turn   | Place    | Note
-------+----------+-------------------------------------------
     0 | D:1      | crazypyro the Minotaur Fighter began the quest for the Orb.
     0 | D:1      | Reached XP level 1. HP: 19/19 MP: 0/0
    37 | D:1      | Reached skill level 3 in Axes
    38 | D:1      | Reached XP level 2. HP: 22/27 MP: 1/1
   150 | D:1      | HP: 1/27 [poisoned by a goblin]
   620 | D:1      | Found a faded altar of an unknown god.
   627 | D:1      | Prayed at the altar of an unknown god.
   627 | D:1      | Became a worshipper of Gozag Ym Sagoz the Greedy
   856 | D:2      | Reached skill level 4 in Axes
   880 | D:2      | Reached XP level 3. HP: 28/33 MP: 2/2
  1060 | D:2      | Noticed Jessica
  1069 | D:2      | Killed Jessica
  1070 | D:2      | Reached skill level 1 in Dodging
  1070 | D:2      | Reached XP level 4. HP: 40/40 MP: 3/3
  1221 | D:2      | Found a hazy altar of Hepliaklqana.
  1498 | D:2      | Reached skill level 5 in Axes
  1948 | D:3      | Found an iron altar of Okawaru.
  2020 | D:3      | Found a transporter.
  2029 | D:3      | Reached XP level 5. HP: 15/46 MP: 4/4
  2243 | D:3      | Noticed sasquatch's ghost (amateur SpBr)
  2382 | D:3      | Reached skill level 1 in Spellcasting
  2417 | D:3      | Found a bloodstained altar of Trog.
  2476 | D:3      | Found a transporter.
  2536 | D:3      | Gained mutation: Your skin changes colour to match your
                  | surroundings (Stealth+). [potion of mutation]
  2536 | D:3      | Gained mutation: Your flesh is cold resistant. (rC+)
                  | [potion of mutation]
  2957 | D:4      | Reached skill level 6 in Axes
  2971 | D:4      | Found a staircase to the Ecumenical Temple.
  3009 | D:4      | Reached XP level 6. HP: 44/52 MP: 7/7
  3055 | D:4      | Noticed a sky beast
  3070 | D:4      | Killed a sky beast
  3071 | D:4      | Reached skill level 1 in Transmutations
  3384 | D:4      | Found a radiant altar of Vehumet.
  3504 | D:4      | Reached skill level 7 in Axes
  3750 | D:4      | Found a snail-covered altar of Cheibriados.
  3760 | D:4      | Reached XP level 7. HP: 58/58 MP: 8/8
  3952 | D:5      | Entered Level 5 of the Dungeon
  4209 | D:5      | Found a stormy altar of Qazlal.
  4424 | D:5      | Bought a +4 bardiche of flaming for 382 gold pieces
  4557 | D:5      | HP: 2/58 [poisoned by a gnoll]
  4802 | D:6      | Reached skill level 8 in Axes
  4808 | D:6      | Reached XP level 8. HP: 32/66 MP: 9/9
  5128 | D:6      | HP: 3/66 [orc wizard/magic dart (6)]
  5465 | D:6      | Reached skill level 5 in Armour
  5473 | D:6      | Reached skill level 5 in Shields
  6229 | D:6      | Reached skill level 9 in Axes
  6506 | D:3      | Killed sasquatch's ghost
  6706 | D:7      | Noticed a cyclops
  6720 | D:7      | Killed a cyclops
  6721 | D:7      | Reached XP level 9. HP: 12/73 MP: 10/10
  7019 | D:7      | Noticed Pikel
  7037 | D:7      | Killed Pikel
  7038 | D:7      | Reached skill level 5 in Fighting
  7038 | D:7      | Reached skill level 10 in Axes
  7148 | D:7      | Noticed Joseph
  7180 | D:7      | Killed Joseph
  7311 | D:7      | Found an ancient bone altar of Kikubaaqudgha.
  7678 | D:8      | Identified a scroll of acquirement
  7678 | D:8      | Acquired a manual of Spellcasting
  7697 | D:8      | Reached skill level 11 in Axes
  7873 | D:8      | Reached XP level 10. HP: 83/84 MP: 8/11
  7942 | D:8      | Noticed a gargoyle
  7955 | D:8      | Noticed a sixfirhy
  7956 | D:8      | Killed a gargoyle
  7971 | D:8      | Reached skill level 12 in Axes
  7971 | D:8      | Noticed a sixfirhy
  7983 | D:8      | Noticed a rust devil
  8232 | D:8      | Identified the +2 robe of the Salmon {rC+ Str+3}
  8742 | D:9      | Noticed Erica
  8760 | D:9      | Killed Erica
  8761 | D:9      | Reached skill level 13 in Axes
  9037 | D:9      | Acquired 723 gold pieces
  9054 | D:9      | Found a shimmering blue altar of Sif Muna.
  9140 | D:9      | Reached XP level 11. HP: 89/90 MP: 11/14
  9182 | D:9      | Found Xyixein's Distillery.
  9238 | D:9      | Bought a runed war axe for 149 gold pieces
  9257 | D:9      | Noticed a two-headed ogre
  9266 | D:9      | Killed a two-headed ogre
  9730 | D:9      | Found an ornate altar of the Wu Jian Council.
  9746 | D:10     | Entered Level 10 of the Dungeon
 10241 | D:10     | Identified the +7 long sword "Nouloer" {drain, rPois Str+3
                  | SInv}
 10285 | D:10     | Found a sacrificial altar of Ru.
 10477 | D:11     | Reached skill level 14 in Axes
 10639 | D:11     | Noticed a boulder beetle
 10681 | D:11     | Killed a boulder beetle
 10901 | D:11     | Lost mutation: Your flesh is cold resistant. (rC+) [potion
                  | of mutation]
 10901 | D:11     | Lost mutation: Your skin changes colour to match your
                  | surroundings (Stealth+). [potion of mutation]
 10901 | D:11     | Gained mutation: You are frail. (-10% HP) [potion of
                  | mutation]
 10902 | D:11     | Lost mutation: You are frail. (-10% HP) [potion of
                  | mutation]
 10902 | D:11     | Gained mutation: You expend magic power (3 MP) to
                  | strengthen your wands. [potion of mutation]
 10902 | D:11     | Gained mutation: Your muscles are strong. (Str +2) [potion
                  | of mutation]
 10903 | D:11     | Lost mutation: You expend magic power (3 MP) to strengthen
                  | your wands. [potion of mutation]
 10903 | D:11     | Lost mutation: Your muscles are strong. (Str +2) [potion of
                  | mutation]
 10903 | D:11     | Gained mutation: You are strong-willed. (Will+) [potion of
                  | mutation]
 10903 | D:11     | Gained mutation: Your spells are a little easier to cast,
                  | but a little less powerful. [potion of mutation]
 10988 | D:11     | Noticed a boulder beetle
 10999 | D:11     | HP: 1/92 [komodo dragon (26)]
 11293 | D:11     | Noticed a two-headed ogre
 11294 | D:11     | Noticed an eight-headed hydra
 11303 | D:11     | Reached skill level 10 in Shields
 11311 | D:11     | Slain by a six-headed hydra

Illustrated notes

Levels and vault maps discovered:
D:1:      dpeg_arrival_rooms_with_view, layout_rooms,
          hellmonk_ecumenical_altar_heavens_door
D:2:      minmay_chambers_of_ones, layout_basic, basic_altar,
          serial_bayou_pond_c, minmay_heptomino_o4, uniq_jessica
D:3:      layout_basic, mainiacjoe_overflow_paths, okawaru_trees_2,
          gammafunk_ghost_stat_death, hex_medium
D:4:      layout_rooms, nicolae_vehumet_radiance, mainiacjoe_overflow_brackets,
          minmay_temple_entry_statues_fountains
D:5:      layout_basic, nicolae_qazlal_scattered_showers, st_stairs_11
D:6:      layout_cave_pods
D:7:      layout_gridville, kiku_gazebo_garden_becter, uniq_pikel, uniq_joseph
D:8:      layout_rooms, minmay_the_grid_2x2 [minmay_the_grid_spikes,
          minmay_the_grid_minigrid_small_alt, minmay_the_grid_odd_star,
          minmay_the_grid_prize_trominoes]
D:9:      layout_loops_cross, overflow_temple_1_default, general_overflow_altar,
          serial_shops, nicolae_shop_advertising_works
          [nicolae_subvault_shop_adworks], uniq_erica
D:10:     layout_cave_pools, nicolae_ru_path_of_blood
D:11:     layout_loops_ring, david_lair_generic, minmay_diced_spiral

Skill      XL: |  1  2  3  4  5  6  7  8  9 10 11 |
---------------+----------------------------------+-----
Axes           | 3 4 5 6 7 8 9 11 13 14 | 14.5
Dodging        | 1 2 3 4 |  4.0
Spellcasting   | 1 2 4 |  4.6
Transmutations | 2 3 |  3.2
Armour         | 4 6 7 8 |  8.5
Shields        | 4 6 7 9 10 | 10.0
Fighting       | 4 6 7 |  7.5

Action                   |  1- 3 |  4- 6 |  7- 9 | 10-12 || total
-------------------------+-------+-------+-------+-------++-------
Melee: War axe           |    67 |    39 |       |       ||   106
       Headbutt          |     3 |    20 |    55 |   100 ||   178
       Hand axe          |       |   116 |   269 |   372 ||   757
       Bardiche          |       |       |     9 |       ||     9
       Scimitar          |       |       |       |     3 ||     3
Invok: Call Merchant     |       |       |     1 |     1 ||     2
  Use: Potion            |       |     1 |     2 |     6 ||     9
       Scroll            |       |       |    17 |     4 ||    21
 Stab: Distracted        |     2 |       |       |     8 ||    10
       Sleeping          |       |       |       |     1 ||     1
Armor: Scale mail        |    35 |    47 |    25 |    59 ||   166
       Ring mail         |       |       |    98 |    41 ||   139
Dodge: Dodged            |    24 |    53 |    83 |    81 ||   241
Block: Buckler           |    16 |    21 |       |       ||    37
       Tower shield      |       |    19 |   231 |   332 ||   582
